cohdb
Replays
Latest Replays
All Replays
Popular Replays
Top Player Replays
Match Explorer
How It Works
Community
CoH3 Stats
Reddit
Sign in to upload your games and track your stats! →
Sign in with Steam
Match 45269488
Unlisted
Match 45269488
Overview
Messages
Build Orders
End
Construct Section Command Post
Selects Air and Sea Battlegroup
Vickers Machine Gun Team
Infantry Section
Infantry Section
Infantry Section
Construct Platoon Command Post
Selects Supply Surplus
Construct Field Infirmary
Selects Commando Section Paradrop
Selects M1 Pack Howitzer Paradrop
M1 Pack Howitzer Paradrop
Commando Section Paradrop
Humber Armored Car
Infantry Training
Royal Engineer Section
Construct Company Command Post
Matilda II Heavy Tank
Selects Incendiary Bombing Run
Incendiary Bombing Run
Foot Guards Section
Selects UNKNOWN (223837)
Crusader II Medium Tank
Incendiary Bombing Run
Foot Guards Section
Selects Naval Bombardment
Foot Guards Section
Daghito
Adam Kadmon
Stratego
Giovanni
packapacka
mb2rk
FOX
DutchTaylor
0
0
Comments
sign in to comment!
No comments posted yet!